Map: Blackpink LE

Players

Dessa - Winner!

  • Race: Zerg Zerg
  • League: Diamond
  • Spawn Location: 7:00

Disharmonist

  • Race: Zerg Zerg
  • League: Diamond
  • Spawn Location: 1:00

VOD

Have the link to the VOD?

Description

Time

  • Played on: Jan. 14, 2018, 9:35 a.m.
  • Length: 23:08
Show
View Real Time Build Order
Export as new Build Order

Dessa Zerg - Winner!

Build Orders: Pool First 

Get SALT Encoding   

  12  0:01  Drone  
  13  0:13  Overlord  
  13  0:17  Drone  
  14  0:31  Drone x2  
  14  0:35  Drone  
  17  0:39  Extractor  
  16  0:46  Drone  
  17  0:52  Spawning Pool  
  17  0:56  Drone  
  17  1:18  Hatchery  
  17  1:22  Drone  
  17  1:26  Drone  
  18  1:33  Overlord  
  18  1:42  Zergling x2  
  19  1:48  Queen  
  19  1:53  Zergling x2  
  22  1:59  Metabolic Boost  
  22  2:14  Drone  
  23  2:16  Drone  
  23  2:21  Baneling Nest  
  23  2:30  Queen  
  23  2:31  Drone  
  23  2:33  Drone  
  27  2:39  Drone  
  28  3:04  Zergling x4  
  28  3:05  Drone x4  
  33  3:06  Overlord  
  33  3:13  Drone  
  33  3:14  Extractor  
  33  3:16  Drone, Zergling x2  
  33  3:18  Baneling x2  
  34  3:51  Drone x3  
  34  3:53  Zergling x6  
  34  3:54  Zergling x6  
  43  3:56  Baneling x2  
  43  4:03  Overlord  
  43  4:05  Overlord  
  43  4:36  Lair  
  43  4:37  Roach Warren  
  42  4:41  Drone x5  
  42  4:43  Drone x3  
  50  4:50  Hatchery  
  49  4:53  Overlord  
  49  4:58  Drone x2  
  49  4:59  Evolution Chamber  
  50  5:00  Evolution Chamber  
  50  5:02  Drone x3, Extractor  
  50  5:03  Extractor  
  50  5:12  Overlord  
  44  5:37  Drone  
  44  5:38  Drone x2  
  44  5:39  Glial Reconstitution  
  44  5:41  Roach x6  
  44  5:42  Drone  
  60  5:43  Overlord  
  60  5:49  Zerg Ground Armor Level 1, Zerg Missile Weapons Level 1  
  60  5:50  Drone  
  60  5:53  Drone  
  60  5:54  Drone  
  63  6:02  Roach  
  63  6:03  Queen  
  67  6:08  Roach x3  
  67  6:09  Drone  
  74  6:14  Drone x3  
  74  6:16  Drone  
  78  6:20  Pneumatized Carapace  
  78  6:23  Drone x2  
  80  6:26  Roach  
  82  6:36  Roach  
  82  6:37  Drone x2, Roach  
  82  6:38  Overlord  
  84  7:03  Roach  
  84  7:04  Roach x7  
  84  7:07  Zergling x8  
  93  7:12  Roach  
  93  7:13  Roach x2  
  88  7:22  Roach x3  
  80  7:28  Roach x2  
  77  7:31  Queen  
  77  7:36  Zergling x2  
  80  7:41  Ravager x5  
  80  7:43  Roach x2  
  80  7:44  Roach  
  91  7:47  Roach  
  91  7:48  Roach  
  95  7:56  Queen  
  97  8:01  Overlord  
  97  8:02  Overlord  
  97  8:23  Roach  
  97  8:24  Roach x7  
  113  8:33  Spine Crawler  
  112  8:34  Spine Crawler  
  112  8:35  Spine Crawler x2  
  86  9:10  Roach x3  
  86  9:11  Roach x6  
  66  9:38  Hatchery  
  60  10:05  Hatchery  
  55  10:12  Roach  
  55  10:13  Roach x9  
  55  10:14  Roach x2  
  77  10:21  Queen  
  77  10:33  Spine Crawler  
  77  10:35  Spine Crawler  
  75  10:52  Drone  
  75  10:53  Drone x4  
  75  10:54  Drone  
  82  10:57  Ravager x2  
  83  11:04  Hatchery  
  78  11:26  Roach x6  
  82  11:40  Roach x5  
  82  11:41  Roach x3  
  82  11:44  Drone  
  93  11:50  Drone x3  
  76  12:05  Drone  
  76  12:06  Drone x3  
  80  12:12  Queen  
  83  12:15  Ravager  
  83  12:16  Ravager x3  
  83  12:17  Queen  
  83  12:19  Drone  
  83  12:21  Drone  
  90  12:23  Drone  
  90  12:24  Drone  
  90  12:25  Drone  
  93  12:37  Drone x2  
  93  12:39  Drone  
  93  12:40  Drone x3  
  93  12:41  Drone x2  
  93  12:42  Drone x2  
  103  12:54  Drone  
  103  12:56  Drone, Hydralisk Den  
  104  13:00  Roach x2  
  104  13:01  Roach x3  
  104  13:02  Overlord  
  114  13:08  Extractor  
  114  13:09  Extractor  
  112  13:16  Spine Crawler  
  112  13:17  Roach x2  
  112  13:18  Zerg Ground Armor Level 2, Zerg Missile Weapons Level 2  
  115  13:26  Hydralisk x3  
  115  13:27  Hydralisk  
  115  13:29  Hydralisk  
  115  13:34  Muscular Augments  
  125  13:36  Overseer  
  125  13:37  Overseer  
  125  13:39  Hydralisk  
  127  13:44  Overlord  
  127  13:46  Overlord  
  127  13:55  Overlord  
  127  13:57  Overlord  
  127  13:58  Overlord  
  127  14:04  Hydralisk x2  
  127  14:05  Hydralisk x2  
  127  14:08  Overlord  
  127  14:09  Overlord  
  135  14:17  Hydralisk  
  135  14:18  Hydralisk x5  
  147  14:30  Hydralisk x3  
  139  15:19  Hydralisk x2  
  139  15:20  Roach x4, Hydralisk x6  
  139  15:21  Roach x6, Hydralisk x2  
  121  15:34  Hydralisk x3  
  121  15:35  Roach x4, Hydralisk  
  125  15:45  Ravager  
  125  15:46  Ravager x6  
  125  15:49  Drone x3  
  135  15:50  Overlord  
  135  15:55  Hydralisk x2, Lurker Den  
  138  15:57  Overlord  
  138  16:03  Extractor  
  138  16:04  Extractor  
  136  16:19  Extractor  
  136  16:20  Hatchery  
  136  16:22  Extractor  
  133  16:28  Roach x3, Hydralisk x4  
  133  16:29  Roach  
  108  17:42  Hydralisk x2  
  108  17:43  Roach x4, Hydralisk x7  
  108  17:44  Hydralisk x7  
  112  17:45  Hydralisk  
  108  18:06  Hydralisk x5  
  118  18:15  Roach x4  
  122  18:23  Hydralisk  
  122  18:24  Roach x2  
  122  18:32  Spore Crawler x2  
  122  18:33  Spore Crawler  
  122  18:34  Drone x6  
  121  18:37  Roach  
  121  18:38  Roach x4  
  121  18:39  Zergling x14  
  142  18:52  Overlord x2  
  142  19:04  Overlord x2  
  142  19:21  Drone x2  
  142  19:22  Drone x4  
  148  19:24  Drone  
  148  19:27  Overlord x3  
  149  19:35  Infestation Pit  
  148  19:42  Lurker x6  
  148  19:43  Lurker  
  155  19:52  Overseer  
  155  19:55  Overseer  
  155  19:56  Overlord x3  
  155  20:09  Drone x3  
  158  20:29  Extractor, Hatchery  
  158  20:32  Extractor  
  127  20:59  Extractor  
  127  21:00  Extractor  
  122  21:17  Hydralisk x2  
  122  21:18  Hydralisk x17  
  134  21:34  Hydralisk x2  
  134  21:35  Hydralisk x2  
  103  21:55  Lurker x2  
  103  21:57  Zergling x16  
  103  21:59  Hatchery  
  110  22:20  Drone x2  
  110  22:21  Drone  
  113  22:48  Hatchery  
  113  22:49  Extractor  
  113  22:51  Extractor  
Show
View Real Time Build Order
Export as new Build Order

Disharmonist Zerg 

Build Orders: Pool First 

Get SALT Encoding   

  12  0:01  Drone  
  13  0:08  Drone  
  14  0:16  Overlord  
  14  0:35  Drone x2  
  16  0:36  Drone  
  17  0:46  Drone  
  18  0:54  Extractor  
  17  0:58  Spawning Pool, Drone  
  17  1:07  Drone  
  18  1:23  Hatchery  
  17  1:27  Drone  
  17  1:29  Drone  
  19  1:39  Overlord  
  19  1:46  Queen  
  21  1:52  Overlord  
  21  2:01  Zergling x2  
  21  2:04  Metabolic Boost  
  22  2:17  Zergling x2  
  22  2:21  Queen  
  25  2:26  Drone  
  26  2:36  Zergling x4  
  28  2:39  Queen  
  30  2:44  Zergling x2  
  30  2:56  Drone  
  30  2:57  Drone  
  32  3:07  Drone  
  32  3:08  Drone x4  
  32  3:12  Drone  
  38  3:18  Drone  
  39  3:23  Overlord  
  39  3:33  Drone x4  
  43  3:45  Zergling x2  
  43  3:46  Zergling x4  
  45  3:50  Roach Warren  
  45  3:53  Lair  
  45  3:55  Zergling x2  
  45  3:56  Zergling x2  
  45  3:58  Zergling x2  
  45  4:01  Zergling x2  
  45  4:02  Zergling x2  
  49  4:06  Overlord  
  49  4:16  Zergling x2  
  49  4:29  Overlord x5  
  49  4:42  Overlord  
  48  4:47  Roach  
  48  4:48  Roach x2  
  54  4:53  Roach  
  54  4:54  Roach x3  
  54  4:55  Glial Reconstitution  
  62  5:08  Drone x2  
  62  5:12  Drone  
  62  5:13  Drone x3  
  68  5:28  Roach x3, Hatchery  
  62  5:38  Roach  
  62  5:41  Drone x5  
  69  5:44  Extractor  
  69  5:45  Extractor  
  69  5:47  Drone x3  
  70  5:55  Roach  
  72  6:02  Roach  
  74  6:10  Roach  
  74  6:11  Roach x5  
  86  6:13  Overlord x2  
  86  6:19  Overlord  
  86  6:20  Overlord  
  86  6:29  Drone  
  87  6:35  Evolution Chamber x2  
  87  6:36  Drone x4  
  89  6:40  Drone  
  89  6:41  Drone x3  
  89  6:43  Drone x2  
  95  6:48  Queen  
  95  7:04  Roach  
  95  7:05  Roach x5  
  99  7:15  Roach  
  99  7:16  Roach x5  
  99  7:18  Roach  
  105  7:23  Drone  
  105  7:24  Drone x3  
  105  7:29  Extractor  
  106  7:34  Roach  
  106  7:35  Roach x4  
  114  7:38  Zerg Missile Weapons Level 1  
  114  7:40  Zerg Ground Armor Level 1  
  114  7:48  Drone  
  114  7:49  Drone x4  
  114  7:51  Drone x3  
  120  7:54  Extractor  
  120  7:55  Extractor  
  120  7:57  Roach  
  120  7:58  Roach x2  
  126  8:06  Roach  
  126  8:07  Roach x4  
  126  8:09  Overlord  
  136  8:18  Spine Crawler  
  135  8:26  Roach x5  
  135  8:27  Roach  
  145  8:28  Drone x3  
  145  8:29  Drone  
  139  8:43  Roach  
  139  8:44  Roach x5  
  134  8:59  Roach  
  134  9:00  Roach x5  
  122  9:12  Roach  
  122  9:13  Roach x3  
  114  9:23  Roach x4  
  108  9:28  Queen  
  104  9:35  Drone x4  
  104  9:37  Drone  
  107  9:39  Drone  
  107  9:41  Drone  
  107  9:43  Drone  
  110  9:50  Drone x2  
  112  9:55  Drone  
  103  10:05  Drone x5  
  90  10:12  Drone x3  
  79  10:23  Drone  
  79  10:24  Drone x2  
  79  10:27  Zerg Ground Armor Level 2, Zerg Missile Weapons Level 2  
  74  10:37  Roach  
  74  10:38  Roach  
  74  10:42  Hatchery  
  75  10:44  Queen  
  75  10:48  Roach  
  75  10:49  Roach x3  
  85  10:58  Roach x5  
  95  11:06  Roach  
  95  11:07  Roach x3  
  95  11:08  Roach  
  101  11:14  Roach  
  101  11:15  Roach x2  
  100  11:26  Roach x6  
  100  11:27  Roach  
  104  11:39  Roach  
  98  11:40  Roach x4  
  96  11:53  Roach x4  
  98  11:55  Roach  
  98  12:02  Ravager  
  98  12:03  Ravager x7  
  106  12:17  Hatchery  
  105  12:25  Drone x7  
  105  12:27  Drone  
  113  12:30  Extractor  
  113  12:32  Extractor  
  111  12:42  Roach  
  111  12:43  Roach x3  
  119  12:51  Spire  
  119  12:53  Roach  
  119  12:54  Roach x3  
  119  12:55  Roach  
  128  13:06  Drone x7  
  128  13:09  Overlord  
  135  13:25  Overlord x3  
  135  13:31  Hatchery  
  134  13:46  Roach x5  
  134  13:47  Roach x6  
  156  13:51  Spine Crawler  
  156  13:52  Drone x2  
  156  13:55  Drone x3  
  159  14:00  Infestation Pit  
  159  14:02  Drone x4  
  163  14:04  Drone  
  164  14:20  Roach  
  164  14:21  Roach x8  
  182  14:29  Queen  
  184  14:36  Queen  
  184  14:37  Overlord  
  184  14:38  Overlord x2  
  186  14:50  Overlord x2  
  184  15:06  Queen  
  160  15:17  Mutalisk x4  
  160  15:18  Mutalisk x13  
  160  15:20  Mutalisk  
  136  15:31  Hive  
  130  15:43  Mutalisk  
  130  15:44  Mutalisk x7  
  130  15:46  Mutalisk  
  148  15:54  Drone x2  
  148  15:55  Drone x5  
  155  16:11  Mutalisk x7  
  167  16:19  Spine Crawler  
  167  16:22  Roach  
  167  16:23  Roach x6  
  167  16:24  Roach  
  178  16:26  Roach  
  178  16:32  Roach x4  
  188  16:38  Roach  
  188  16:39  Roach x4  
  200  16:40  Roach  
  200  16:53  Roach  
  200  16:58  Ultralisk Cavern  
  199  17:03  Zerg Flyer Armor Level 1  
  199  17:06  Zerg Missile Weapons Level 3  
  199  17:08  Zerg Ground Armor Level 3  
  199  17:15  Roach  
  187  17:16  Roach x4  
  193  17:23  Roach  
  193  17:24  Roach x4  
  183  17:32  Zergling x2  
  183  17:33  Zergling x40  
  164  17:43  Queen  
  149  17:45  Extractor  
  143  17:51  Mutalisk  
  143  17:52  Mutalisk x4  
  152  18:00  Zergling x2  
  152  18:01  Zergling x16  
  146  18:26  Mutalisk  
  125  18:27  Mutalisk x5  
  125  18:28  Zergling x2  
  125  18:29  Zergling x14  
  145  18:37  Baneling Nest  
  144  18:43  Extractor  
  144  18:44  Drone, Extractor  
  144  18:45  Drone x9  
  152  18:52  Mutalisk x4  
  160  19:02  Zergling x18  
  169  19:07  Adrenal Glands  
  169  19:24  Zergling x2  
  169  19:25  Zergling x26  
  169  19:28  Centrifical Hooks  
  183  19:33  Baneling  
  183  19:34  Baneling x17  
  183  19:35  Baneling x4  
  183  19:37  Zergling x24  
  195  19:48  Zerg Melee Weapons Level 1  
  195  19:52  Chitinous Plating  
  195  20:11  Zergling x10  
  200  20:14  Baneling  
  200  20:15  Baneling x11  
  198  20:31  Hatchery  
  156  20:36  Overseer  
  156  20:38  Pneumatized Carapace  
  156  20:40  Overseer x4  
  147  20:51  Mutalisk x5  
  147  20:53  Zergling x4  
  147  20:54  Zergling x42  
  147  20:55  Zergling x2  
  145  21:11  Zergling x18  
  145  21:12  Zergling x10  
  136  21:19  Mutalisk x2  
  136  21:21  Mutalisk  
  115  21:26  Zergling x4  
  115  21:27  Zergling x2  
  101  21:40  Mutalisk  
  101  21:41  Mutalisk x2  
  96  22:00  Drone  
  96  22:01  Drone x6  
  103  22:05  Drone  
  103  22:06  Drone x3  
  106  22:22  Mutalisk x3  
  101  22:24  Zergling x2  
  108  22:39  Drone x3  
Tags
 
Matchup
ZvZ
Race
Zerg
Replay Pack
2017S4
Spawn Locations
Cross Positions
Add a new tag
Caveats
  • Supply blocks, unpowered buildings, or Contaminate may cause inaccurate times.
  • Supply counts are checked every 10 seconds.